 Dungeon Crawl Stone Soup version 0.21.0-3-g78d12a8 (webtiles) character file.

13139 Mefis the Thaumaturge (level 11, -4/62 HPs)
             Began as a Deep Elf Wizard on Jan 8, 2018.
             Was an Elder of Sif Muna.
             Slain by a polar bear (28 damage)
             ... on level 2 of the Lair of Beasts.
             The game lasted 00:55:13 (16408 turns).

Mefis the Thaumaturge (Deep Elf Wizard)            Turns: 16408, Time: 00:55:14

Health: -4/62      AC:  4    Str:  8    XL:     11   Next: 71%
Magic:  2/26       EV: 18    Int: 29    God:    Sif Muna [****..]
Gold:   119        SH:  5    Dex: 16    Spells: 7/29 levels left

rFire    + . .     SeeInvis .   a - +2 short sword (venom)
rCold    . . .     Gourm    .   (no shield)
rNeg     . . .     Faith    .   y - +0 robe
rPois    .         Spirit   .   n - +0 helmet
rElec    .         Reflect  +   (no cloak)
rCorr    .         Harm     .   P - +0 pair of gloves
MR       ++...                  (no boots)
Stlth    ++++......             x - amulet "Cyximios" {Reflect rF+ Str+4 Dex+3 SH+5}
HPRegen  0.20/turn              C - ring of protection from magic
MPRegen  0.20/turn              M - +2 ring of intelligence

@: divine energy
A: no striking features
a: Stop Divine Energy, Channel Magic, Forget Spell, Renounce Religion


You were on level 2 of the Lair of Beasts.
You worshipped Sif Muna.
Sif Muna was greatly pleased with you.
You were hungry.

You visited 3 branches of the dungeon, and saw 12 of its levels.
You also visited: Ossuary.

You collected 596 gold pieces.
You spent 477 gold pieces at shops.

Inventory:

Hand Weapons
 a - a +2 short sword of venom (weapon)
 b - a +0 hunting sling
 N - a +1 dagger of electrocution
 R - a +0 blowgun
Missiles
 p - 7 tomahawks (quivered)
 v - 22 poisoned needles
 O - 9 sling bullets
 Q - 8 curare-tipped needles
Armour
 n - a +0 helmet (worn)
 y - a +0 robe (worn)
 P - a +0 pair of gloves (worn)
Jewellery
 l - an uncursed ring of stealth
 w - an uncursed amulet of regeneration
 x - the amulet "Cyximios" (around neck) {Reflect rF+ Str+4 Dex+3 SH+5}
   (You bought it in a shop on level 8 of the Dungeon)

   [amulet of reflection]

   It shields you and reflects attacks.
   It affects your strength (+4).
   It affects your dexterity (+3).
   It protects you from fire.
   It affects your SH (+5).
 C - a ring of protection from magic (left hand)
 F - an uncursed ring of ice
 M - a +2 ring of intelligence (right hand)
Wands
 G - a wand of polymorph (12)
 T - a wand of disintegration (13)
 U - a wand of flame (18)
 V - a wand of iceblast (10)
Scrolls
 m - 4 scrolls of fog
 s - 4 scrolls of remove curse
 u - 7 scrolls of enchant armour
 z - 6 scrolls of immolation
 A - 10 scrolls of teleportation
 D - 2 scrolls of random uselessness
 E - a scroll of amnesia {unknown}
 H - a scroll of noise {unknown}
 I - 2 scrolls of enchant weapon {unknown}
 K - a scroll of fear {unknown}
 W - a scroll of vulnerability {unknown}
Potions
 e - 3 potions of haste
 f - 6 potions of curing
 g - a potion of magic {unknown}
 h - 3 potions of agility
 i - a potion of cancellation {unknown}
 j - a potion of ambrosia {unknown}
 k - a potion of invisibility {unknown}
 o - a potion of berserk rage {unknown}
 q - 5 potions of degeneration
 r - a potion of heal wounds
 t - 2 potions of flight {unknown}
 B - 2 potions of mutation {unknown}
 J - a potion of brilliance {unknown}
 L - a potion of resistance {unknown}
Books
 c - a book of Minor Magic

   Spells                             Type                      Level
   a - Magic Dart                     Conjuration                  1
   b - Blink                          Translocation                2
   c - Call Imp                       Summoning                    2
   d - Slow                           Hexes                        2
   e - Conjure Flame                  Conjuration/Fire             3
   f - Mephitic Cloud                 Conjuration/Poison/Air       3
 S - the Compendium of Warped Venom
   (You found it on level 9 of the Dungeon)

   Spells                             Type                      Level
   a - Spider Form                    Transmutation/Poison         3
   b - Force Lance                    Conjuration/Translocation    4
   c - Summon Forest                  Summoning/Translocation      5
   d - Disjunction                    Translocation                8
Comestibles
 d - 12 rations


   Skills:
 + Level 4.4 Fighting
 + Level 8.5 Dodging
 + Level 9.1 Stealth
 + Level 9.7 Spellcasting
 + Level 7.2 Conjurations
 - Level 7.1 Hexes
 * Level 5.2 Summonings
 * Level 5.6 Translocations
 - Level 4.9 Air Magic
 - Level 2.4 Poison Magic
 + Level 4.7 Invocations
 + Level 4.8 Evocations


You had 7 spell levels left.
You knew the following spells:

 Your Spells              Type           Power        Failure   Level  Hunger
a - Magic Dart            Conj           ####         1%          1    None
b - Call Imp              Summ           #####...     1%          2    None
c - Blink                 Tloc           N/A          1%          2    None
e - Mephitic Cloud        Conj/Pois/Air  #####...     1%          3    None
f - Conjure Flame         Conj/Fire      #####...     2%          3    None
h - Slow                  Hex            ######..     1%          2    None
n - Summon Forest         Summ/Tloc      #####.....   11%         5    ###....
s - Force Lance           Conj/Tloc      ######..     2%          4    None


Dungeon Overview and Level Annotations

Branches:
Dungeon (9/15)             Temple (1/1) D:4            Lair (2/6) D:8
    Orc (0/2) D:9
  Swamp: Lair:2-4    Shoals: Lair:2-4     Snake: Lair:2-4    Spider: Lair:2-4

Altars:
Ashenzari
Cheibriados
Dithmenos
Elyvilon
Fedhas
Gozag
Hepliaklqana
Kikubaaqudgha
Makhleb
Nemelex Xobeh
Okawaru
Qazlal
Ru
Sif Muna
Trog
Uskayaw
Vehumet
Wu Jian
Xom
Yredelemnul
Zin
The Shining One

Shops:
D:7 *   D:8 *


Message History

Aiming: Force Lance
Press: ? - help, Shift-Dir - straight line, f/p - polar bear
Aim: a polar bear (almost dead, berserk, fast, unusually strong, poisoned)
The lance of force misses the polar bear.
Sif Muna grants you divine energy.
You briefly lose access to your magic!
The polar bear bites you! You block the polar bear's attack. x2
The polar bear bites you!! The polar bear closely misses you. x2
Found 21 stones.
The polar bear closely misses you. The polar bear misses you.
The polar bear claws you.
You regain access to your magic.
The polar bear bites you!!
* * * LOW HITPOINT WARNING * * *
The polar bear claws you but does no damage.
The polar bear claws you.
* * * LOW HITPOINT WARNING * * *
Okay, then.
You feel much better. The polar bear bites you!!
You die...

#<.......#
#.....>..#
##........#
#P........#
##........#
#........##
#.........#
#.......h.##
##..>...@.P#
#........##
#........#
#........#
(........P
..........#
.........##
.........#


You could see a polar bear (berserk).

Vanquished Creatures
  3 two-headed ogres
  3 spiny frogs (Lair:1)
  The ghost of othur the Basher, a novice MiBe of Trog (D:5)
  A kobold demonologist (D:9)
  2 komodo dragons
  2 polar bears
  Grinder (D:3)
  2 slime creatures (D:9)
  3 blink frogs (Lair:1)
  2 hippogriffs
  Sigmund (D:5)
  A spriggan (D:9)
  A basilisk (Lair:1)
  14 yaks
  Menkaure (D:5)
  4 water moccasins
  A porcupine (Lair:1)
  2 black bears (Lair:2)
  3 ice beasts
  3 orc warriors
  3 sky beasts
  5 centaurs
  7 ogres
  2 crocodiles (Lair:1)
  2 big kobolds
  6 bullfrogs
  5 scorpions
  5 killer bees (D:7)
  A howler monkey (D:5)
  3 crimson imps (D:6)
  A quasit (D:8)
  10 hounds
  A human zombie (Ossuary)
  3 orc priests
  A bullfrog skeleton (D:5)
  An iguana (D:6)
  7 orc wizards
  2 worker ants
  A killer bee zombie (D:8)
  2 big kobold zombies (Ossuary)
  3 hound zombies (Ossuary)
  A hound skeleton (D:6)
  4 mummies (Ossuary)
  8 adders
  3 gnolls (D:2)
  3 shadow imps
  An ooze (D:7)
  3 adder skeletons
  2 adder zombies
  A worm (D:6)
  3 dart slugs
  2 leopard geckos
  17 orcs
  3 ball pythons
  3 bats
  3 giant cockroaches
  6 goblins
  7 hobgoblins
  12 jackals
  3 quokkas
  A frilled lizard (D:2)
  A goblin zombie (D:8)
  2 jackal zombies
  16 kobolds
  A leopard gecko skeleton (D:7)
  2 quokka zombies
  7 rats
  3 rat zombies (Ossuary)
240 creatures vanquished.

Vanquished Creatures (collateral kills)
  The ghost of wazuzu the Cutter, a novice MfEn (D:4)
  An ogre (D:4)
  A killer bee (D:7)
  A hound (D:7)
  A hound skeleton (D:6)
  2 worms
  An orc (D:4)
  A jackal (D:1)
  2 jackal zombies (Ossuary)
  A kobold (D:2)
  A rat (D:6)
13 creatures vanquished.

Vanquished Creatures (others)
  2 plants (D:8)
2 creatures vanquished.

Grand Total: 255 creatures vanquished

Notes
Turn   | Place    | Note
-------+----------+-------------------------------------------
     0 | D:1      | Mefis the Deep Elf Wizard began the quest for the Orb.
     0 | D:1      | Reached XP level 1. HP: 10/10 MP: 7/7
   279 | D:1      | Reached XP level 2. HP: 15/15 MP: 6/9
   283 | D:1      | Learned a level 2 spell: Call Imp
   286 | D:1      | Learned a level 2 spell: Blink
   945 | D:2      | Reached XP level 3. HP: 19/19 MP: 8/11
   950 | D:2      | Learned a level 3 spell: Conjure Flame
   954 | D:2      | Learned a level 3 spell: Mephitic Cloud
  1544 | D:2      | Reached XP level 4. HP: 24/24 MP: 7/12
  1818 | D:2      | Reached skill level 5 in Spellcasting
  2374 | D:3      | Reached skill level 1 in Poison Magic
  2479 | D:3      | Noticed Grinder
  3271 | D:3      | Killed Grinder
  3271 | D:3      | Reached skill level 1 in Air Magic
  3271 | D:3      | Reached XP level 5. HP: 27/28 MP: 5/14
  3275 | D:3      | Learned a level 2 spell: Slow
  3353 | D:4      | Noticed an ogre
  3380 | D:4      | Killed an ogre
  3380 | D:4      | Reached XP level 6. HP: 32/32 MP: 0/16
  3554 | D:4      | Noticed wazuzu's ghost (novice MfEn)
  3908 | D:4      | Killed wazuzu's ghost
  3908 | D:4      | Reached skill level 1 in Hexes
  3908 | D:4      | Reached XP level 7. HP: 33/36 MP: 1/17
  4121 | D:4      | Found a staircase to the Ecumenical Temple.
  4127 | Temple   | Entered the Ecumenical Temple
  4234 | Temple   | Became a worshipper of Sif Muna the Loreminder
  4345 | D:4      | Found an ancient bone altar of Kikubaaqudgha.
  4419 | D:5      | Entered Level 5 of the Dungeon
  4742 | D:5      | Found a sparkling altar of Nemelex Xobeh.
  5082 | D:5      | Noticed Sigmund
  5098 | D:5      | Killed Sigmund
  5098 | D:5      | Reached * piety under Sif Muna
  5098 | D:5      | Reached skill level 5 in Dodging
  5098 | D:5      | Reached skill level 5 in Stealth
  5098 | D:5      | Reached XP level 8. HP: 41/41 MP: 7/19
  5183 | D:5      | Noticed Menkaure
  5192 | D:5      | Killed Menkaure
  5731 | D:5      | Noticed othur's ghost (novice MiBe)
  6086 | D:5      | Killed othur's ghost
  6086 | D:5      | Reached skill level 1 in Fighting
  7064 | D:6      | Reached ** piety under Sif Muna
  7242 | D:6      | Reached XP level 9. HP: 40/48 MP: 2/21
  7657 | D:6      | Noticed a moth of wrath
  7662 | D:6      | Found a bloodstained altar of Trog.
  8255 | D:7      | Reached skill level 5 in Conjurations
  8657 | D:7      | Reached skill level 5 in Hexes
  8847 | D:7      | Found Icsooloq's General Store.
  9029 | D:7      | Bought a +2 ring of intelligence for 82 gold pieces
  9029 | D:7      | Bought a scroll of fog for 22 gold pieces
  9029 | D:7      | Bought a potion of heal wounds for 55 gold pieces
  9029 | D:7      | Bought a scroll of enchant armour for 82 gold pieces
  9029 | D:7      | Bought a scroll of teleportation for 33 gold pieces
  9218 | D:8      | Found a sand-covered staircase.
  9230 | Ossuary  | Entered an ossuary
  9372 | Ossuary  | Reached *** piety under Sif Muna
  9746 | D:8      | Reached skill level 1 in Invocations
  9746 | D:8      | Reached skill level 1 in Evocations
  9981 | D:8      | Found Rimytz's Assorted Antiques.
  9986 | D:8      | Bought a scroll of identify for 58 gold pieces
 10650 | D:8      | Found a staircase to the Lair.
 10651 | D:8      | Noticed a komodo dragon
 10732 | D:8      | Noticed a two-headed ogre
 10756 | D:8      | Killed a two-headed ogre
 10756 | D:8      | Reached XP level 10. HP: 56/56 MP: 2/24
 11445 | D:9      | Noticed a two-headed ogre
 11544 | D:9      | Killed a two-headed ogre
 12156 | D:9      | Noticed a two-headed ogre
 12167 | D:9      | Killed a two-headed ogre
 12198 | D:9      | Found a staircase to the Orcish Mines.
 13100 | D:9      | Found an opulent altar of Gozag.
 13122 | D:9      | Reached XP level 11. HP: 18/60 MP: 15/26
 13137 | D:9      | Identified the Compendium of Warped Venom
 13227 | D:8      | Learned a level 4 spell: Force Lance
 13233 | D:8      | Learned a level 5 spell: Summon Forest
 13274 | D:8      | Bought a translucent platinum amulet for 145 gold pieces
 13275 | D:8      | Identified the amulet "Cyximios" {Reflect rF+ Str+4 Dex+3 SH+5} (You bought it in a shop on level 8 of the Dungeon)
 13460 | Lair:1   | Entered Level 1 of the Lair of Beasts
 13795 | D:8      | Reached **** piety under Sif Muna
 14768 | Lair:1   | Reached skill level 5 in Translocations
 15793 | Lair:1   | Reached skill level 5 in Summonings
 16407 | Lair:2   | HP: 1/62 [polar bear (4)]
 16408 | Lair:2   | Slain by a polar bear

Skill      XL: |  1  2  3  4  5  6  7  8  9 10 11 |
---------------+----------------------------------+-----
Stealth        | 3 4 5 6 7 8 9 |  9.1
Dodging        | 3 4 5 7 8 |  8.5
Conjurations   | 2 3 4 5 6 7 |  7.2
Spellcasting   | 5 6 7 8 9 |  9.7
Poison Magic   | 1 2 |  2.4
Summonings     | 2 3 5 |  5.2
Air Magic      | 1 2 3 4 |  4.9
Hexes          | 1 2 4 5 7 |  7.1
Translocations | 2 3 4 5 |  5.6
Fighting       | 1 3 4 |  4.4
Invocations    | 2 3 4 |  4.7
Evocations     | 2 3 4 |  4.8

Action                   |  1- 3 |  4- 6 |  7- 9 | 10-12 || total
-------------------------+-------+-------+-------+-------++-------
Melee: Dagger            |     8 |    23 |    36 |       ||    67
       Short sword       |       |       |     2 |    64 ||    66
 Fire: Hunting sling     |       |       |   171 |    17 ||   188
 Cast: Magic Dart        |    73 |   101 |   336 |   157 ||   667
       Call Imp          |     4 |    24 |    22 |       ||    50
       Mephitic Cloud    |       |     3 |    36 |    31 ||    70
       Conjure Flame     |       |       |    47 |    26 ||    73
       Blink             |       |       |     7 |     7 ||    14
       Slow              |       |       |     4 |     6 ||    10
       Force Lance       |       |       |       |    80 ||    80
Invok: Divine Energy     |       |       |     2 |     2 ||     4
       Stop Divine Energ |       |       |     2 |     1 ||     3
  Use: Scroll            |       |     6 |     7 |     3 ||    16
       Potion            |       |       |       |     3 ||     3
 Stab: Confused          |       |       |     1 |     3 ||     4
       Sleeping          |       |       |     1 |     1 ||     2
  Eat: Chunk             |     2 |     4 |    16 |    14 ||    36
       Ration            |       |     1 |     1 |     1 ||     3
Armor: Robe              |     2 |    10 |    15 |    15 ||    42
Dodge: Dodged            |    13 |    29 |    82 |    92 ||   216
Block: Other             |       |       |       |    13 ||    13
